 Dungeon Crawl Stone Soup version 0.30-a0-723-gc1506a1cf0 (webtiles) character file.

Game seed: 12614396033385471277

2758 themarg the Fighter (level 9, -1/84 (85) HPs)
             Began as a Hill Orc Fighter on Jan 28, 2023.
             Was an Elder of Okawaru.
             Slain by Erica
             ... wielding a +3 scimitar of flaming
              (2 damage)
             ... on level 8 of the Dungeon.
             The game lasted 00:18:36 (6597 turns).

themarg the Fighter (Hill Orc Fighter)              Turns: 6597, Time: 00:18:36

HP:   -1/84 (85)    AC: 13    Str: 23    XL:     9   Next: 69%
MP:   0/16          EV: 13    Int:  8    God:    Okawaru [****..]
Gold: 413           SH:  5    Dex: 10    Spells: 8/8 levels left

rFire   . . .      SeeInvis .    a - +0 war axe
rCold   . . .      Faith    .    c - +0 buckler
rNeg    . . .      Spirit   +    t - +0 chain mail
rPois   .          Reflect  .    v - +0 helmet
rElec   .          Harm     .    q - +0 cloak
rCorr   +          Rampage  .    F - +0 pair of gloves
Will    .....                    w - +0 pair of boots Stlth
                                 b - amulet of guardian spirit
HPRegen 0.34/turn                m - +5 ring of evasion
MPRegen 0.15/turn                r - ring of resist corrosion

@: lethally poisoned (-1 -> -11), lightly drained
A: no striking features
a: Renounce Religion, Heroism, Finesse


You were on level 8 of the Dungeon.
You worshipped Okawaru.
Okawaru was greatly pleased with you.
You visited 2 branches of the dungeon, and saw 9 of its levels.

You collected 413 gold pieces.

Inventory:

Hand Weapons
 a - a +0 war axe (weapon)
 d - a +2 hand axe of freezing
Missiles
 f - 12 poisoned darts (quivered)
 i - 53 stones
 K - 6 boomerangs
 L - a throwing net
 P - 5 silver javelins
Armour
 c - a +0 buckler (worn)
 q - a +0 cloak (worn)
 t - a +0 chain mail (worn)
 v - a +0 helmet (worn)
 w - a +0 pair of boots (worn)
 F - a +0 pair of gloves (worn)
Jewellery
 b - an amulet of guardian spirit (around neck)
 m - a +5 ring of evasion (left hand)
 r - a ring of resist corrosion (right hand)
 y - a ring of ice
 I - an amulet of the acrobat
Wands
 G - a wand of flame (9)
 N - a wand of roots (9)
Scrolls
 g - 5 scrolls of fear
 j - 3 scrolls of enchant weapon
 l - 3 scrolls of identify
 n - 2 scrolls of teleportation
 p - 3 scrolls of fog
 s - 2 scrolls of poison {unknown}
 C - a scroll of vulnerability {unknown}
 D - 2 scrolls of enchant armour {unknown}
 E - a scroll of amnesia {unknown}
 J - a scroll of torment {unknown}
 M - a scroll of brand weapon {unknown}
 O - a scroll of blinking {unknown}
Potions
 e - 2 potions of curing
 h - 2 potions of cancellation
 k - 2 potions of magic
 o - 5 potions of heal wounds
 u - 2 potions of haste
 x - a potion of brilliance
 z - 2 potions of mutation {unknown}
 A - 3 potions of might
 B - a potion of resistance {unknown}
 H - a potion of degeneration {unknown}
 Q - a potion of berserk rage {unknown}
 R - a potion of ambrosia {unknown}


   Skills:
 - Level 10.0 Fighting
 - Level 6.0 Axes
 - Level 2.0 Throwing
 - Level 3.2 Armour
 - Level 3.0 Dodging
 - Level 5.0 Shields
 + Level 9.9 Invocations


You had 8 spell levels left.
You didn't know any spells.
Your spell library contained the following spells:

 Spells                   Type           Power      Damage    Failure   Level
 Sandblast                Erth           0%         2d4       99%         1
 Ensorcelled Hibernation  Hex/Ice        0%         N/A       100%        2
 Passwall                 Tmut/Erth      0%         N/A       100%        2
 Inner Flame              Hex/Fire       0%         N/A       100%        3
 Stone Arrow              Conj/Erth      0%         3d7       100%        3
 Swiftness                Air            0%         N/A       100%        3
 Flame Wave               Conj/Fire      0%         2d4       100%        4
 Sticky Flame             Conj/Fire      0%         2d3       100%        4
 Summon Ice Beast         Ice/Summ       Unusable   N/A       N/A         4
 Summon Mana Viper        Hex/Summ       Unusable   N/A       N/A         5
 Monstrous Menagerie      Summ           Unusable   N/A       N/A         7

Dungeon Overview and Level Annotations

Branches:
Dungeon (8/15)             Temple (1/1) D:4
   Lair: D:8-11

Altars:
Ashenzari
Cheibriados
Elyvilon
Fedhas
Gozag
Hepliaklqana
Kikubaaqudgha
Makhleb
Nemelex Xobeh
Okawaru
Qazlal
Ru
Sif Muna
Trog
Uskayaw
Vehumet
Wu Jian
Xom
Yredelemnul
Zin
The Shining One

Annotations:
D:3 exclusion: statue
D:8 Erica


Message History

You are poisoned.
You bump into the rock wall.
You feel very sick. Erica hits you but does no damage.
You barely miss Erica.
Erica is moderately wounded.
You feel very sick. Erica barely misses you.
You bump into the rock wall.
You feel very sick.
Erica hits you with a +3 scimitar of flaming.
Erica burns you.
You closely miss Erica.
Erica is moderately wounded.
You feel sick.
Erica mumbles some strange words.
Erica flickers and vanishes!
Deactivating autopickup; reactivate with Ctrl-A.
You hear some strange, mumbled words.
A bolt of poison appears from out of thin air!
The bolt of poison hits you!!!
You are more poisoned.
* * * LOW HITPOINT WARNING * * *
Okay, then.
You feel better.
You hear some strange, mumbled words.
A bolt of poison appears from out of thin air!
The bolt of poison hits you!!
You are poisoned.
* * * LOW HITPOINT WARNING * * *
Okay, then.
Aiming: Fastroot
Press: ? - help, Shift-Dir - straight line, f - you The roots erupt in riotous growth!
* * * LOW HITPOINT WARNING * * *
You feel very sick. Something hits you.
* * * LOW HITPOINT WARNING * * *
Something burns you.
You die...

#.# #.#.# #.#
#.# ##.#.####
#.# #.
##.......#
#.#
#.##.#.#.##.#
#.#
............
#.#
###.#.#.##.#
#.#
##...###.#
#{# ##.## #.#
#@# #.# #.#
#.#########.#
#.#
#...........#
#..
#############
###


There were no monsters in sight!

Vanquished Creatures
  Psyche (D:8)
  Grinder (D:6)
  2 black bears
  An ice beast (D:6)
  A centaur (D:7)
  An ogre (D:5)
  A phantom (D:5)
  A bullfrog (D:5)
  6 necrophages
  2 scorpions
  A wyvern zombie (D:6)
  4 wights
  2 bullfrog zombies (D:6)
  2 howler monkeys
  A centaur zombie (D:6)
  5 hounds
  3 orc priests
  3 jellies
  A human zombie (D:6)
  2 gnoll boudas
  An iguana (D:5)
  Terence (D:2)
  4 orc wizards
  2 mummies (D:6)
  5 gnolls
  7 adders
  2 white imps
  2 ufetubi (D:5)
  A worm (D:3)
  6 dart slugs
  9 orcs
  10 ball pythons
  2 endoplasms
  2 giant cockroaches
  6 goblins
  2 hobgoblins
  3 jackals (D:2)
  A quokka (D:3)
  5 bats
  4 frilled lizards
  6 kobolds
  5 rats
127 creatures vanquished.

Vanquished Creatures (others)
  A plant (D:2)
1 creature vanquished.

Grand Total: 128 creatures vanquished

Notes
Turn   | Place    | Note
-------+----------+-------------------------------------------
     0 | D:1      | themarg the Hill Orc Fighter began the quest for the Orb.
     0 | D:1      | Reached XP level 1. HP: 19/19 MP: 1/1
   175 | D:1      | Reached XP level 2. HP: 26/27 MP: 2/2
   190 | D:1      | Reached skill level 4 in Fighting
   770 | D:2      | Noticed Terence
   827 | D:2      | Reached XP level 3. HP: 34/34 MP: 3/3
  1069 | D:2      | Found a shimmering blue altar of Sif Muna.
  1267 | D:2      | Reached XP level 4. HP: 40/41 MP: 4/4
  1273 | D:2      | Killed Terence
  1274 | D:2      | Reached skill level 5 in Fighting
  1705 | D:3      | Found a radiant altar of Vehumet.
  1705 | D:3      | Noticed a charred statue
  1748 | D:3      | Found a sparkling altar of Nemelex Xobeh.
  1883 | D:3      | Reached XP level 5. HP: 47/48 MP: 5/5
  2408 | D:3      | Reached skill level 5 in Shields
  2557 | D:4      | Reached skill level 6 in Fighting
  2682 | D:4      | Found a glowing silver altar of Zin.
  2685 | D:4      | Reached XP level 6. HP: 56/58 MP: 6/6
  2692 | D:4      | Found a burning altar of Makhleb.
  2695 | D:4      | Found a blossoming altar of Fedhas.
  2709 | D:4      | Found a snail-covered altar of Cheibriados.
  2921 | D:4      | Found a staircase to the Ecumenical Temple.
  2930 | Temple   | Entered the Ecumenical Temple
  2994 | Temple   | Became a worshipper of Warmaster Okawaru
  3132 | D:5      | Entered Level 5 of the Dungeon
  3200 | D:5      | Noticed a black bear
  3211 | D:5      | Killed a black bear
  3212 | D:5      | Reached skill level 7 in Fighting
  3226 | D:5      | Reached skill level 8 in Fighting
  3236 | D:5      | Reached XP level 7. HP: 13/68 MP: 7/7
  3238 | D:5      | Reached * piety under Okawaru
  3244 | D:5      | Reached skill level 9 in Fighting
  3566 | D:5      | Reached skill level 10 in Fighting
  3826 | D:5      | Reached skill level 1 in Dodging
  3831 | D:5      | Reached ** piety under Okawaru
  3862 | D:5      | Reached XP level 8. HP: 78/79 MP: 8/8
  4364 | D:6      | Reached skill level 1 in Invocations
  4587 | D:6      | Noticed Grinder
  4592 | D:6      | Paralysed by Grinder for 3 turns
  4600 | D:6      | Killed Grinder
  4767 | D:6      | Reached skill level 5 in Axes
  4846 | D:6      | Reached *** piety under Okawaru
  4847 | D:6      | Reached skill level 5 in Invocations
  4931 | D:6      | Reached XP level 9. HP: 85/85 MP: 13/13
  4946 | D:6      | Found a basalt altar of Yredelemnul.
  6334 | D:8      | Noticed Psyche
  6346 | D:8      | Killed Psyche
  6347 | D:8      | Reached skill level 1 in Throwing
  6407 | D:8      | Reached **** piety under Okawaru
  6584 | D:8      | Noticed Erica
  6597 | D:8      | HP: 1/84 [something (4)]
  6597 | D:8      | Slain by Erica

Illustrated notes

Levels and vault maps discovered:
D:1:      ncdulo_watergridlock, layout_loops_ring
D:2:      wander_river, layout_loops_cross, basic_altar,
          minmay_shallow_snake_nest, uniq_terence
D:3:      layout_basic, vehumet_statue, mainiacjoe_overflow_24_doors
D:4:      layout_rooms, grunt_temple_overflow_cloverleaf,
          minmay_temple_entry_poolview
D:5:      minmay_chambers_of_threes, layout_basic, minmay_hedge_maze
D:6:      layout_gridville, lemuel_mausoleum_altar_yredelemnul, uniq_grinder
D:7:      layout_layer_cave
D:8:      layout_loops_ring, nicolae_dithmenos_shadow_blocks, minmay_microvault,
          uniq_psyche, uniq_grum, uniq_erica
Temple:   eino_temple_water

Skill      XL: |  1  2  3  4  5  6  7  8  9 |
---------------+----------------------------+-----
Fighting       | 4 5 6 8 10 | 10.0
Shields        | 4 5 |  5.0
Dodging        | 1 3 |  3.0
Invocations    | 6 9 |  9.9
Axes           | 5 6 |  6.0
Throwing       | 2 |  2.0
Armour         | |  3.2

Action                     |  1- 3 |  4- 6 |  7- 9 || total
---------------------------+-------+-------+-------++-------
  Melee: War axe           |    82 |   121 |   285 ||   488
         Unarmed           |       |       |     3 ||     3
 Invoke: Heroism           |       |       |     1 ||     1
  Evoke: Wand              |       |       |    10 ||    10
    Use: Potion            |       |     1 |     3 ||     4
         Scroll            |       |     9 |       ||     9
 Armour: Scale mail        |    46 |    14 |       ||    60
         Chain mail        |       |    36 |   137 ||   173
  Dodge: Dodged            |    62 |    94 |   178 ||   334
  Block: Buckler           |    21 |    23 |    70 ||   114

Table legend: (Time is in decaauts)
 A = Elapsed time spent in this place.
 B = Non-inter-level travel time spent in this place.
 C = Inter-level travel time spent in this place.
 D = Time resting spent in this place.
 E = Time spent auto-exploring this place.
 F = Levels seen in this place.
 G = Mean time per level.
                   A        B        C        D        E       F      G
               +--------+--------+--------+--------+--------+-----+--------+
         Total |   6788 |   6555 |    233 |     28 |   5199 |   9 |  754.2 |
       Dungeon |   6704 |   6489 |    215 |     28 |   5156 |   8 |  838.0 |
        Temple |     83 |     65 |     18 |      0 |     43 |   1 |   83.0 |
               +--------+--------+--------+--------+--------+-----+--------+

Top non-repeatable levels by time:
     D:7: 1209 daAuts
     D:5: 1141 daAuts
     D:3: 1025 daAuts
     D:6: 967 daAuts
     D:1: 789 daAuts
     D:2: 772 daAuts
     D:4: 548 daAuts
     D:8: 250 daAuts
  Temple: 83 daAuts
